 Dungeon Crawl Stone Soup version 0.24-a0-778-g74da537585 (webtiles) character file.

Game seed: 16892948824190856302, levelgen mode: deterministic

315 Gynju the Magician (level 6, 0/32 HPs)
             Began as a Deep Elf Fire Elementalist on Oct 7, 2019.
             Succumbed to an adder's poison
             ... on level 3 of the Dungeon.
             The game lasted 00:03:47 (3389 turns).

Gynju the Magician (Deep Elf Fire Elementalist)     Turns: 3389, Time: 00:03:48

Health: 0/32       AC:  3    Str:  5    XL:     6   Next: 19%
Magic:  1/15       EV: 14    Int: 22    God:
Gold:   185        SH:  0    Dex: 15    Spells: 9/15 levels left

rFire    . . .     SeeInvis .   m - +0 long sword
rCold    . . .     Gourm    .   (no shield)
rNeg     . . .     Faith    .   a - +0 robe
rPois    .         Spirit   .   (no helmet)
rElec    .         Reflect  .   (no cloak)
rCorr    .         Harm     .   (no gloves)
MR       .....                  i - +0 pair of boots
Stlth    ++........             (no amulet)
HPRegen  0.10/turn              (no ring)
MPRegen  0.14/turn              (no ring)

@: lethally poisoned (0 -> -5)
A: no striking features
a: no special abilities


You were on level 3 of the Dungeon.
You were not hungry.

You visited 1 branch of the dungeon, and saw 4 of its levels.

You collected 185 gold pieces.

Inventory:

Hand Weapons
 m - a +0 long sword (weapon)
Missiles
 g - 14 poisoned darts (quivered)
Armour
 a - a +0 robe (worn)
 i - a +0 pair of boots (worn)
Jewellery
 q - an uncursed ring of protection from magic
Scrolls
 b - 3 scrolls of identify {unknown}
 e - 6 scrolls of teleportation {unknown}
 l - 2 scrolls of blinking {unknown}
 o - a scroll of remove curse {unknown}
Potions
 d - 4 potions of curing {unknown}
 f - a potion of heal wounds {unknown}
 h - 2 potions of flight {unknown}
 j - 3 potions of resistance {unknown}
 k - a potion of invisibility {unknown}
 n - a potion of degeneration {unknown}
 r - a potion of might {unknown}
Comestibles
 c - 6 rations
 p - 4 chunks of flesh


   Skills:
 + Level 4.3 Dodging
 - Level 2.4 Stealth
 + Level 5.1 Spellcasting
 + Level 3.4 Conjurations
 + Level 4.8 Fire Magic


You had 9 spell levels left.
You knew the following spells:

 Your Spells              Type           Power        Failure   Level  Hunger
a - Throw Flame           Conj/Fire      ###...       2%          2    None
b - Conjure Flame         Conj/Fire      ###.....     5%          3    ##.....
c - Flame Tongue          Conj/Fire      ###..        1%          1    None

Your spell library contained the following spells:

 Spells                   Type           Power        Failure   Level  Hunger
 Inner Flame              Hex/Fire       ###.....     11%         3    ##.....
 Sticky Flame             Conj/Fire      ###.....     19%         4    ####...
 Fireball                 Conj/Fire      ###.......   45%         5    #####..


Dungeon Overview and Level Annotations

Branches:
Dungeon (4/15)
 Temple: D:4-7

Altars:
Nemelex Xobeh
Okawaru
Ru
Xom


Message History

The adder misses you. The adder bites you.
* * * LOW HITPOINT WARNING * * *
You are lethally poisoned!
The adder poisons you!
You hit the adder.
The adder is heavily wounded.
* * * LOW HITPOINT WARNING * * *
You feel sick. The adder completely misses you. The adder closely misses you.
You hit the adder.
The adder is almost dead.
* * * LOW HITPOINT WARNING * * *
You feel sick. The adder misses you. x2
You miss the adder.
The adder is almost dead.
* * * LOW HITPOINT WARNING * * *
You feel sick. The adder bites you but does no damage. The adder bites you.
* * * LOW HITPOINT WARNING * * *
You completely miss the adder.
The adder is almost dead.
You die...

#.# #.#####.## #..#.#
#.#####.# #.# #..#>##
........#####.#####.....#
........................#
.#.....######.######.##.#
.#....## #...# #.##.#
.#.#### ###...### #.##.#
.#.## #....>..###.##.#
....######......@S......#
......(..........########
....#####......#.#
........(.#))..#.#
..<..####...####.#
.###.##..........# .#
#.........#####
รท###.####.#......#
.....# #....###.#


You could see an adder.

Vanquished Creatures
  Sigmund (D:2)
  An orc priest (D:3)
  Terence (D:3)
  An orc wizard (D:3)
  An adder (D:2)
  3 worms
  A dart slug (D:1)
  3 leopard geckos
  2 orcs (D:3)
  6 giant cockroaches
  6 goblins
  7 hobgoblins
  2 jackals (D:2)
  A quokka (D:2)
  2 ball pythons
  5 bats
  6 frilled lizards
  6 kobolds
  5 rats
60 creatures vanquished.

Notes
Turn   | Place    | Note
-------+----------+-------------------------------------------
     0 | D:1      | Gynju the Deep Elf Fire Elementalist began the quest for
                  | the Orb.
     0 | D:1      | Reached XP level 1. HP: 10/10 MP: 6/6
   210 | D:1      | Reached XP level 2. HP: 15/15 MP: 6/8
   895 | D:1      | Reached XP level 3. HP: 19/19 MP: 6/10
   899 | D:1      | Learned a level 2 spell: Throw Flame
   903 | D:1      | Learned a level 3 spell: Conjure Flame
  1008 | D:2      | Found a shimmering altar of Xom.
  1298 | D:2      | Noticed Sigmund
  1662 | D:2      | Killed Sigmund
  1662 | D:2      | Reached skill level 4 in Spellcasting
  1662 | D:2      | Reached XP level 4. HP: 15/24 MP: 6/12
  1662 | D:2      | Reached XP level 5. HP: 17/28 MP: 6/13
  1845 | D:2      | Found an iron altar of Okawaru.
  2089 | D:2      | Found a sparkling altar of Nemelex Xobeh.
  2352 | D:3      | Found a sacrificial altar of Ru.
  2413 | D:3      | Noticed Terence
  2418 | D:3      | Killed Terence
  2473 | D:3      | Reached XP level 6. HP: 32/32 MP: 10/15
  2476 | D:3      | Reached skill level 5 in Spellcasting
  3388 | D:3      | HP: 1/32 [adder (4)]
  3389 | D:3      | Succumbed to an adder's poison

Levels and vault maps discovered:
D:1:      scummos_arrival_hexagon, layout_rooms
D:2:      layout_loops_ring, lemuel_crystal_altar, okawaru_trees_2,
          nemelex_spade_bored_becter, uniq_sigmund
D:3:      layout_loops_ring, nicolae_ru_awakened_eye, uniq_terence
D:4:      layout_cave_pools, tso_altar, serial_bayou, serial_bayou_lake_a,
          serial_bayou_crossing, serial_bayou_shore_a, serial_bayou_pond_d

Skill      XL: |  1  2  3  4  5  6 |
---------------+-------------------+-----
Dodging        | 3 4 |  4.3
Conjurations   | 3 |  3.4
Spellcasting   | 4 5 |  5.1
Fire Magic     | 4 |  4.8
Stealth        | |  2.4

Action                   |  1- 3 |  4- 6 || total
-------------------------+-------+-------++-------
Melee: Unarmed           |     8 |       ||     8
       Long sword        |       |    12 ||    12
 Cast: Flame Tongue      |    73 |    22 ||    95
       Throw Flame       |       |    32 ||    32
       Conjure Flame     |       |     1 ||     1
  Eat: Chunk             |     2 |     5 ||     7
Armor: Robe              |    15 |     4 ||    19
Dodge: Dodged            |    28 |    28 ||    56
       Rpst.: Long sword |       |     6 ||     6

Table legend:
 A = Non-vault XP
 B = Vault XP
 C = Vault XP percentage of total XP
 D = Non-vault monster count
 E = Vault monster count
 F = Vault count percentage of total count
                 A         B        C        D         E       F
            +---------+---------+-------+---------+---------+-------
      Total |     194 |     256 |  56.9 |      58 |       2 |   3.3
            +---------+---------+-------+---------+---------+-------
        D:1 |      42 |       0 |   0.0 |      25 |       0 |   0.0
        D:2 |      46 |     220 |  82.7 |      15 |       1 |   6.2
        D:3 |     105 |      36 |  25.5 |      17 |       1 |   5.6
        D:4 |       1 |       0 |   0.0 |       1 |       0 |   0.0
            +---------+---------+-------+---------+---------+-------
